| TOP OF THE 1ST |
|
Spokane River Rats batting - Pitching for Naperville Lazy Fisherman : RHP Robert Person
|
|
Pitching: RHP Robert Person
|
|
|
Batting: LHB Andy Fox
|
0-0: Called Strike 0-1: Called Strike 0-2: Foul Ball, location: 2F 0-2: Ball 1-2: Ball 2-2: Strikes out swinging
|
|
Batting: SHB Chris Latham
|
0-0: Called Strike 0-1: SOLO HOME RUN (Flyball, 9D, EV 108.8 MPH), Distance : 375 ft
|
|
Batting: LHB Michael Tucker
|
0-0: Ball 1-0: SINGLE (Line Drive, 56D, EV 96.3 MPH)
|
|
Batting: SHB Gene Kingsale
|
0-0: Swinging Strike 0-1: Called Strike 0-2: Strikes out looking
|
|
Batting: RHB Tony Rodriguez
|
0-0: Fly out, F8 (Flyball, 8LXD, EV 95.0 MPH)
|
| Top of the 1st over - 1 run, 2 hits, 0 errors, 1 left on base; Spokane 1 - Naperville 0 |
| BOTTOM OF THE 1ST |
|
Naperville Lazy Fisherman batting - Pitching for Spokane River Rats : LHP Scott Eyre
|
|
Pitching: LHP Scott Eyre
|
|
|
Batting: SHB Denny Hocking
|
0-0: Ball 1-0: Ball 2-0: Ball 3-0: Called Strike 3-1: Bunt missed! 3-2: Fly out, F7 (Line Drive, 7D, EV 103.1 MPH)
|
|
Batting: RHB Gary Disarcina
|
0-0: Foul Ball, location: 2F 0-1: Foul Ball, location: 2F 0-2: Ball 1-2: Ball 2-2: Ground out 6-3 (Groundball, 6, EV 106.3 MPH)
|
|
Batting: SHB Felipe Crespo
|
0-0: Ball 1-0: SINGLE (Flyball, 7LS, EV 91.3 MPH)
|
|
Batting: RHB Craig Worthington
|
0-0: Swinging Strike 0-1: Ball 1-1: Ball Wild Pitch! Felipe Crespo to second 2-1: Ball 3-1: Base on Balls
|
|
Batting: RHB David Bell
|
0-0: Called Strike 0-1: Swinging Strike 0-2: Ball 1-2: Ball 2-2: Foul Ball, location: 2F 2-2: Hit by Pitch Felipe Crespo to third Craig Worthington to second
|
|
Batting: RHB Gary Bennett
|
0-0: Ball 1-0: Ball 2-0: Fly out, F9 (Flyball, 9S, EV 88.8 MPH)
|
| Bottom of the 1st over - 0 runs, 1 hit, 0 errors, 3 left on base; Spokane 1 - Naperville 0 |
| TOP OF THE 2ND |
|
Spokane River Rats batting - Pitching for Naperville Lazy Fisherman : RHP Robert Person
|
|
Batting: SHB Luis M. Lopez
|
0-0: SINGLE (Groundball, 34D, EV 96.3 MPH)
|
|
Batting: RHB Jose Lind
|
0-0: Ball 1-0: SINGLE (Groundball, 56, EV 103.8 MPH) (infield hit) Luis M. Lopez to second
|
|
Batting: LHB Eric Helfand
|
0-0: Called Strike 0-1: SINGLE (Line Drive, 34, EV 99.4 MPH) Luis M. Lopez to third Jose Lind to second
|
|
Batting: SHB Doug Brady
|
0-0: Foul Ball, location: 2F 0-1: Called Strike 0-2: Ball 1-2: Ball 2-2: Foul Ball, location: 2F 2-2: Foul Ball, location: 2F 2-2: Strikes out looking
|
|
Batting: LHB Andy Fox
|
0-0: Ball 1-0: Ball 2-0: Swinging Strike 2-1: Called Strike 2-2: Strikes out swinging
|
|
Batting: SHB Chris Latham
|
0-0: Called Strike 0-1: Called Strike 0-2: Ball 1-2: Ball 2-2: Ball 3-2: Strikes out swinging
|
| Top of the 2nd over - 0 runs, 3 hits, 0 errors, 3 left on base; Spokane 1 - Naperville 0 |
| BOTTOM OF THE 2ND |
|
Naperville Lazy Fisherman batting - Pitching for Spokane River Rats : LHP Scott Eyre
|
|
Batting: RHB Kent Anderson
|
0-0: Called Strike 0-1: Foul Ball, location: 2F 0-2: Ground out 5-3 (Groundball, 56S, EV 91.3 MPH)
|
|
Batting: LHB Matt Luke
|
0-0: Foul Ball, location: 2F 0-1: Fly out, F8 (Flyball, 8LM, EV 93.1 MPH)
|
|
Batting: LHB Dan Peltier
|
0-0: Fly out, F5 (Popup, 56S, EV 69.4 MPH)
|
| Bottom of the 2nd over - 0 runs, 0 hits, 0 errors, 0 left on base; Spokane 1 - Naperville 0 |
| TOP OF THE 3RD |
|
Spokane River Rats batting - Pitching for Naperville Lazy Fisherman : RHP Robert Person
|
|
Batting: LHB Michael Tucker
|
0-0: Called Strike 0-1: Ball 1-1: Foul Ball, location: 2F 1-2: Ground out 1-3 (Groundball, 13S, EV 71.9 MPH)
|
|
Batting: SHB Gene Kingsale
|
0-0: Ball 1-0: Ball 2-0: TRIPLE (Flyball, 89XD, EV 101.3 MPH)
|
|
Batting: RHB Tony Rodriguez
|
0-0: Foul Ball, location: 2F 0-1: Foul Ball, location: 2F 0-2: Strikes out looking
|
|
Batting: SHB Luis M. Lopez
|
0-0: Swinging Strike 0-1: Called Strike 0-2: Fly out, F7 (Flyball, 7, EV 76.9 MPH)
|
| Top of the 3rd over - 0 runs, 1 hit, 0 errors, 1 left on base; Spokane 1 - Naperville 0 |
| BOTTOM OF THE 3RD |
|
Naperville Lazy Fisherman batting - Pitching for Spokane River Rats : LHP Scott Eyre
|
|
Batting: SHB Denny Hocking
|
0-0: Called Strike 0-1: Ball 1-1: Ball 2-1: Swinging Strike 2-2: Strikes out swinging
|
|
Batting: RHB Gary Disarcina
|
0-0: Called Strike 0-1: Foul Ball, location: 2F 0-2: Ground out 6-3 (Groundball, 6M, EV 85.6 MPH)
|
|
Batting: SHB Felipe Crespo
|
0-0: Ball 1-0: Ground out 5-3 (Groundball, 56, EV 98.1 MPH)
|
| Bottom of the 3rd over - 0 runs, 0 hits, 0 errors, 0 left on base; Spokane 1 - Naperville 0 |
| TOP OF THE 4TH |
|
Spokane River Rats batting - Pitching for Naperville Lazy Fisherman : RHP Robert Person
|
|
Batting: RHB Jose Lind
|
0-0: Ball 1-0: Called Strike 1-1: SINGLE (Groundball, 56D, EV 102.5 MPH)
|
|
Batting: LHB Eric Helfand
|
0-0: Called Strike 0-1: Ball 1-1: Foul Ball, location: 2F 1-2: Strikes out swinging
|
|
Batting: SHB Doug Brady
|
0-0: Foul Ball, location: 2F 0-1: Ball 1-1: Called Strike 1-2: Foul Ball, location: 2F 1-2: Foul Ball, location: 2F 1-2: Fly out, F8 (Line Drive, 8LM, EV 95.6 MPH)
|
|
Batting: LHB Andy Fox
|
0-0: Ball 1-0: Called Strike 1-1: Foul Ball, location: 2F 1-2: Ball 2-2: Strikes out swinging
|
| Top of the 4th over - 0 runs, 1 hit, 0 errors, 1 left on base; Spokane 1 - Naperville 0 |
| BOTTOM OF THE 4TH |
|
Naperville Lazy Fisherman batting - Pitching for Spokane River Rats : LHP Scott Eyre
|
|
Batting: RHB Craig Worthington
|
0-0: Fly out, F8 (Line Drive, 8RM, EV 86.9 MPH)
|
|
Batting: RHB David Bell
|
0-0: Called Strike 0-1: Ball 1-1: Ball 2-1: Ball 3-1: Base on Balls
|
|
Batting: RHB Gary Bennett
|
0-0: Called Strike 0-1: Ball 1-1: Foul Ball, location: 2F 1-2: Ball 2-2: Strikes out swinging
|
|
Batting: RHB Kent Anderson
|
0-0: Called Strike 0-1: Ball 1-1: Ball 2-1: Ball 3-1: SINGLE (Line Drive, 9S, EV 89.4 MPH) David Bell to second Runner from 2nd tries for 3rd, SAFE, throw by RF made to third
|
|
Batting: LHB Matt Luke
|
0-0: Called Strike 0-1: Swinging Strike 0-2: Ground out U3 (Groundball, 3S, EV 76.9 MPH)
|
| Bottom of the 4th over - 0 runs, 1 hit, 0 errors, 2 left on base; Spokane 1 - Naperville 0 |
| TOP OF THE 5TH |
|
Spokane River Rats batting - Pitching for Naperville Lazy Fisherman : RHP Robert Person
|
|
Batting: SHB Chris Latham
|
0-0: Called Strike 0-1: Ball 1-1: Ball 2-1: Swinging Strike 2-2: Ball 3-2: Foul Ball, location: 2F 3-2: Foul Ball, location: 2F 3-2: Strikes out swinging
|
|
Batting: LHB Michael Tucker
|
0-0: Called Strike 0-1: Swinging Strike 0-2: Ball 1-2: Strikes out swinging
|
|
Batting: SHB Gene Kingsale
|
0-0: Called Strike 0-1: Swinging Strike 0-2: Strikes out looking
|
| Top of the 5th over - 0 runs, 0 hits, 0 errors, 0 left on base; Spokane 1 - Naperville 0 |
| BOTTOM OF THE 5TH |
|
Naperville Lazy Fisherman batting - Pitching for Spokane River Rats : LHP Scott Eyre
|
|
Batting: LHB Dan Peltier
|
0-0: Called Strike 0-1: Called Strike 0-2: Foul Ball, location: 2F 0-2: Ground out 4-3 (Groundball, 4, EV 85.6 MPH)
|
|
Batting: SHB Denny Hocking
|
0-0: Ball 1-0: Ball 2-0: Foul Ball, location: 2F 2-1: Fly out, F8 (Flyball, 78M, EV 98.8 MPH)
|
|
Batting: RHB Gary Disarcina
|
0-0: Ball 1-0: Ball 2-0: Ball 3-0: Called Strike 3-1: Foul Ball, location: 2F 3-2: Foul Ball, location: 2F 3-2: DOUBLE (Line Drive, 7LD, EV 108.1 MPH)
|
|
Batting: SHB Felipe Crespo
|
0-0: Ball 1-0: Ball 2-0: Ball 3-0: Base on Balls
|
|
Batting: RHB Craig Worthington
|
0-0: Ball 1-0: Foul Ball, location: 2F 1-1: Called Strike 1-2: Foul Ball, location: 2F 1-2: DOUBLE (Flyball, 89XD, EV 99.4 MPH) Gary Disarcina scores Felipe Crespo to third Runner from 3rd tries for Home, SAFE, no throw by CF
|
|
Batting: RHB David Bell
|
0-0: SINGLE (Line Drive, 7LS, EV 112.5 MPH) Craig Worthington to third Runner from 3rd tries for Home, SAFE, throw by LF to home
|
|
Batting: RHB Gary Bennett
|
0-0: Foul Ball, location: 2F 0-1: Ball 1-1: Ball 2-1: Single, Error in OF, E8, batter to second base (Groundball, 6MD, EV 105.0 MPH) David Bell to third
|
|
Batting: RHB Kent Anderson
|
0-0: Called Strike 0-1: Swinging Strike 0-2: Strikes out swinging
|
| Bottom of the 5th over - 3 runs, 4 hits, 1 error, 2 left on base; Spokane 1 - Naperville 3 |
| TOP OF THE 6TH |
|
Spokane River Rats batting - Pitching for Naperville Lazy Fisherman : RHP Robert Person
|
|
Pitching: RHP Carlos C. Maldonado
|
|
|
Batting: RHB Tony Rodriguez
|
0-0: Called Strike 0-1: Ground out 5-3 (Groundball, 56, EV 90.0 MPH)
|
|
Batting: SHB Luis M. Lopez
|
0-0: Called Strike 0-1: Ball 1-1: Ball 2-1: Foul Ball, location: 2F 2-2: Strikes out swinging
|
|
Batting: RHB Jose Lind
|
0-0: Called Strike 0-1: Ball 1-1: Ball 2-1: DOUBLE (Line Drive, 9LM, EV 108.1 MPH)
|
|
Batting: LHB Eric Helfand
|
0-0: Ball 1-0: Ground out 1-3 (Groundball, P, EV 93.1 MPH)
|
| Top of the 6th over - 0 runs, 1 hit, 0 errors, 1 left on base; Spokane 1 - Naperville 3 |
| BOTTOM OF THE 6TH |
|
Naperville Lazy Fisherman batting - Pitching for Spokane River Rats : LHP Scott Eyre
|
|
Batting: LHB Matt Luke
|
0-0: Ball 1-0: Called Strike 1-1: Foul Ball, location: 2F 1-2: Ball 2-2: Strikes out swinging
|
|
Batting: LHB Dan Peltier
|
0-0: Swinging Strike 0-1: Foul Ball, location: 2F 0-2: Foul Ball, location: 2F 0-2: Ball 1-2: SINGLE (Line Drive, 6M, EV 96.3 MPH)
|
|
Batting: SHB Denny Hocking
|
0-0: Called Strike 0-1: Foul Ball, location: 2F 0-2: Foul Ball, location: 2F 0-2: Foul Ball, location: 2F 0-2: Fly out, F9 (Flyball, 9S, EV 95.6 MPH)
|
|
Batting: RHB Gary Disarcina
|
0-0: Ball 1-0: Ball 2-0: Ball 3-0: Called Strike 3-1: Fielders Choice at 2nd, 6-4 (Groundball, 6, EV 81.3 MPH)
|
| Bottom of the 6th over - 0 runs, 1 hit, 0 errors, 1 left on base; Spokane 1 - Naperville 3 |
| TOP OF THE 7TH |
|
Spokane River Rats batting - Pitching for Naperville Lazy Fisherman : RHP Carlos C. Maldonado
|
|
Batting: SHB Doug Brady
|
0-0: Called Strike 0-1: Ball 1-1: Swinging Strike 1-2: Fly out, F9 (Flyball, 9, EV 95.0 MPH)
|
|
Batting: LHB Andy Fox
|
0-0: Called Strike 0-1: Ball 1-1: Ball 2-1: Ball 3-1: Base on Balls
|
|
Batting: SHB Chris Latham
|
0-0: Called Strike 0-1: Foul Ball, location: 2F 0-2: Ball 1-2: Ball 2-2: SINGLE (Flyball, 8RS, EV 88.1 MPH) Andy Fox to second Runner from 2nd tries for 3rd, SAFE, no throw by CF
|
|
Batting: LHB Michael Tucker
|
0-0: Called Strike 0-1: Ball 1-1: Called Strike 1-2: Reached on error, E4 (Groundball, 4, EV 86.3 MPH) Andy Fox scores Chris Latham to second
|
|
Pitching: RHP Cory Bailey
|
|
|
Batting: SHB Gene Kingsale
|
0-0: Foul Ball, location: 2F 0-1: Ball 1-1: Foul Ball, location: 2F 1-2: Fly out, F6 (Popup, 6MD, EV 70.6 MPH)
|
|
Pinch Hitting: LHB John Mabry
|
0-0: Foul Ball, location: 2F 0-1: DOUBLE (Groundball, 3L, EV 105.6 MPH) Chris Latham scores Michael Tucker to third
|
|
Batting: SHB Luis M. Lopez
|
0-0: Fly out, F7 (Flyball, 7LM, EV 95.6 MPH)
|
| Top of the 7th over - 2 runs, 2 hits, 1 error, 2 left on base; Spokane 3 - Naperville 3 |
| BOTTOM OF THE 7TH |
|
Naperville Lazy Fisherman batting - Pitching for Spokane River Rats : LHP Scott Eyre
|
|
Pitching: RHP Ricky Trlicek
|
|
|
Now at 1B: John Mabry
|
|
|
Batting: SHB Felipe Crespo
|
0-0: Ball 1-0: Foul Ball, location: 2F 1-1: Ground out 4-3 (Groundball, 34, EV 85.0 MPH)
|
|
Batting: RHB Craig Worthington
|
0-0: Ball 1-0: Ball 2-0: Ball 3-0: Called Strike 3-1: Foul Ball, location: 2F 3-2: Hit by Pitch
|
|
Pinch Runner at 1st Juan Castro:
|
|
|
Batting: RHB David Bell
|
0-0: Fly out, F8 (Flyball, 8LXD, EV 97.5 MPH)
|
|
Batting: RHB Gary Bennett
|
0-0: Ball 1-0: Swinging Strike 1-1: Ball 2-1: Foul Ball, location: 2F 2-2: Ball 3-2: Foul Ball, location: 2F 3-2: Fly out, F4 (Popup, 34, EV 68.8 MPH)
|
| Bottom of the 7th over - 0 runs, 0 hits, 0 errors, 1 left on base; Spokane 3 - Naperville 3 |
| TOP OF THE 8TH |
|
Spokane River Rats batting - Pitching for Naperville Lazy Fisherman : RHP Cory Bailey
|
|
Now at 3B: Juan Castro
|
|
|
Batting: RHB Jose Lind
|
0-0: Foul Ball, location: 2F 0-1: Called Strike 0-2: Foul Ball, location: 2F 0-2: Ball 1-2: Foul Ball, location: 2F 1-2: Foul Ball, location: 2F 1-2: Foul Ball, location: 2F 1-2: SINGLE (Line Drive, 7LS, EV 100.6 MPH)
|
|
Batting: LHB Eric Helfand
|
0-0: Ball 1-0: Sac Bunt to 15S - play at first, batter OUT! 1-3 Jose Lind to second
|
|
Batting: SHB Doug Brady
|
0-0: Ground out 3-1 (Groundball, 34, EV 83.8 MPH) Jose Lind to third
|
|
Batting: LHB Andy Fox
|
0-0: Ball 1-0: Ball 2-0: Swinging Strike 2-1: Ball 3-1: Called Strike 3-2: Base on Balls
|
|
Batting: SHB Chris Latham
|
0-0: Foul Ball, location: 2F 0-1: Swinging Strike 0-2: Ball 1-2: Ball 2-2: Ball Balk! Jose Lind scores Andy Fox to second 3-2: Strikes out swinging
|
| Top of the 8th over - 1 run, 1 hit, 0 errors, 1 left on base; Spokane 4 - Naperville 3 |
| BOTTOM OF THE 8TH |
|
Naperville Lazy Fisherman batting - Pitching for Spokane River Rats : RHP Ricky Trlicek
|
|
Batting: RHB Kent Anderson
|
0-0: Ball 1-0: Ball 2-0: Foul Ball, location: 2F 2-1: Foul Ball, location: 2F 2-2: Foul Ball, location: 2F 2-2: SINGLE (Groundball, 6MD, EV 105.6 MPH)
|
|
Batting: LHB Matt Luke
|
0-0: Ball 1-0: Ball 2-0: Ball 3-0: Base on Balls Kent Anderson to second
|
|
Pitching: RHP Anthony Chavez
|
|
|
Batting: LHB Dan Peltier
|
0-0: Ball 1-0: SINGLE (Groundball, 4D, EV 109.4 MPH) Kent Anderson to third Matt Luke to second
|
|
Pitching: LHP Kirk Rueter
|
|
|
Batting: SHB Denny Hocking
|
0-0: Called Strike 0-1: Ball 1-1: Called Strike 1-2: Foul Ball, location: 2F 1-2: Strikes out looking
|
|
Batting: RHB Gary Disarcina
|
0-0: Fly out, F9 (Flyball, 9S, EV 92.5 MPH)
|
|
Batting: SHB Felipe Crespo
|
0-0: Called Strike 0-1: Ball 1-1: Fly out, F8 (Line Drive, 8LD, EV 105.6 MPH)
|
| Bottom of the 8th over - 0 runs, 2 hits, 0 errors, 3 left on base; Spokane 4 - Naperville 3 |
| TOP OF THE 9TH |
|
Spokane River Rats batting - Pitching for Naperville Lazy Fisherman : RHP Cory Bailey
|
|
Batting: LHB Michael Tucker
|
0-0: Called Strike 0-1: Ball 1-1: SINGLE (Groundball, 6D, EV 100.0 MPH)
|
|
Pitching: RHP Scott Arnold
|
|
|
Batting: SHB Gene Kingsale
|
0-0: Ball 1-0: Called Strike 1-1: Foul Ball, location: 2F 1-2: Ball 2-2: Strikes out swinging
|
|
Batting: LHB John Mabry
|
0-0: Called Strike 0-1: Foul Ball, location: 2F 0-2: Ball 1-2: Foul Ball, location: 2F 1-2: Strikes out swinging
|
|
Batting: SHB Luis M. Lopez
|
0-0: Ball 1-0: Ball 2-0: Called Strike 2-1: Foul Ball, location: 2F 2-2: SINGLE (Line Drive, 9LS, EV 113.1 MPH) Michael Tucker to second Michael Tucker to third
|
|
Batting: RHB Jose Lind
|
0-0: Ball 1-0: Foul Ball, location: 2F 1-1: Called Strike 1-2: Ball 2-2: Ball 3-2: Base on Balls Luis M. Lopez to second
|
|
Batting: LHB Eric Helfand
|
0-0: Ball 1-0: Called Strike 1-1: Foul Ball, location: 2F 1-2: Foul Ball, location: 2F 1-2: Ball 2-2: Foul Ball, location: 2F 2-2: Ground out 4-3 (Groundball, 34D, EV 76.9 MPH)
|
| Top of the 9th over - 0 runs, 2 hits, 0 errors, 3 left on base; Spokane 4 - Naperville 3 |
| BOTTOM OF THE 9TH |
|
Naperville Lazy Fisherman batting - Pitching for Spokane River Rats : LHP Kirk Rueter
|
|
Pitching: LHP Matt Whisenant
|
|
|
Batting: RHB Juan Castro
|
0-0: Ball 1-0: Ball 2-0: Ball 3-0: Base on Balls
|
|
Batting: RHB David Bell
|
0-0: Swinging Strike 0-1: Ball 1-1: Fly out, F7 (Flyball, 78M, EV 86.9 MPH)
|
|
Batting: RHB Gary Bennett
|
0-0: Grounds into double play, 1-6-3 (Groundball, 34S, EV 69.4 MPH)
|
| Bottom of the 9th over - 0 runs, 0 hits, 0 errors, 0 left on base; Spokane 4 - Naperville 3 |
|